Map: Blueshift LE

Players

Jason

  • Race: Terran Terran
  • Spawn Location: 7:00

Raze - Winner!

  • Race: Protoss Protoss
  • Spawn Location: 1:00

Event: WCS Montreal 2018

VOD

Have the link to the VOD?

Description

Time

  • Played on: Sept. 7, 2018, 1:58 p.m.
  • Length: 15:12

All games in this series

Show
View Real Time Build Order
Export as new Build Order

Jason Terran 

Build Orders: Reaper Expand, Bio Tank 

Get SALT Encoding   

  12  0:01  SCV  
  13  0:13  SCV  
  14  0:17  Supply Depot  
  14  0:25  SCV  
  15  0:39  SCV  
  15  0:40  Barracks  
  16  0:43  Refinery  
  16  0:51  SCV  
  17  1:03  SCV  
  18  1:16  SCV  
  19  1:28  Reaper  
  20  1:34  Orbital Command  
  20  1:46  Command Center  
  20  1:56  Barracks  
  20  2:00  SCV  
  21  2:02  Barracks Reactor  
  21  2:10  Supply Depot  
  21  2:15  SCV  
  22  2:23  Factory  
  22  2:29  SCV  
  23  2:33  Refinery  
  23  2:39  Marine x2  
  23  2:43  SCV  
  26  2:45  Barracks Tech Lab  
  26  2:55  SCV  
  26  2:56  Marine x2  
  28  3:04  Marine  
  29  3:08  Stimpack  
  29  3:14  Orbital Command  
  29  3:16  Widow Mine  
  29  3:17  Marine  
  31  3:21  SCV  
  31  3:28  Marine  
  31  3:33  SCV  
  31  3:34  Supply Depot  
  33  3:46  Marine  
  33  3:47  SCV  
  34  3:50  SCV  
  35  3:55  Starport  
  35  3:59  SCV, Factory Reactor  
  35  4:01  Bunker  
  35  4:02  SCV  
  37  4:03  Marine  
  37  4:05  Marine  
  37  4:07  Marine  
  40  4:11  SCV  
  41  4:17  Engineering Bay, SCV  
  41  4:22  Supply Depot  
  42  4:24  Marine x2  
  42  4:27  SCV  
  42  4:29  SCV  
  45  4:40  Marine  
  45  4:42  SCV  
  45  4:43  Marine  
  45  4:44  Marine  
  45  4:56  SCV  
  45  4:57  SCV  
  45  4:59  Marauder, Refinery  
  49  5:01  Marine  
  48  5:08  Medivac, SCV, Barracks  
  48  5:09  Medivac, Factory Tech Lab  
  48  5:10  Marine  
  48  5:12  SCV  
  55  5:19  Supply Depot  
  50  5:36  SCV  
  50  5:37  Marine x2  
  50  5:39  SCV  
  50  5:41  Marauder  
  55  5:45  Terran Infantry Weapons Level 1  
  55  5:48  SCV, Factory Reactor  
  56  5:51  SCV  
  57  5:57  Combat Shields  
  57  5:59  Marine x2  
  57  6:00  SCV  
  57  6:02  Marauder  
  57  6:03  SCV, Supply Depot x2  
  63  6:12  SCV  
  63  6:18  Marauder  
  66  6:19  Concussive Shells  
  66  6:21  SCV  
  66  6:22  Command Center  
  66  6:24  SCV, Marine x2  
  70  6:30  Marauder  
  70  6:32  Widow Mine x2  
  76  6:34  SCV  
  76  6:39  Supply Depot  
  76  6:42  Marauder  
  76  6:43  SCV  
  76  6:46  SCV  
  80  6:51  Medivac, Barracks  
  80  6:53  Medivac  
  83  6:57  SCV  
  83  6:59  Refinery  
  83  7:00  Factory Tech Lab  
  84  7:04  Marauder  
  84  7:08  SCV  
  87  7:09  SCV  
  87  7:10  Marine  
  87  7:11  Factory  
  89  7:21  SCV  
  90  7:27  Siege Tank  
  93  7:31  Marine, Supply Depot  
  93  7:32  Supply Depot  
  93  7:33  Marine  
  93  7:34  Marauder x2  
  99  7:39  SCV x2  
  99  7:40  Missile Turret  
  101  7:46  Barracks  
  101  7:47  Missile Turret  
  101  7:51  SCV  
  101  7:53  Orbital Command  
  101  7:54  Marine x2  
  101  7:57  SCV  
  105  8:00  Factory Tech Lab, Marine x2  
  105  8:04  SCV  
  108  8:06  Missile Turret  
  108  8:07  Siege Tank  
  108  8:10  SCV  
  112  8:13  Marine x2  
  112  8:16  SCV  
  112  8:18  Refinery  
  112  8:19  Refinery  
  115  8:21  Marine x2  
  115  8:22  SCV  
  115  8:24  SCV  
  115  8:26  Marine  
  115  8:27  Marine  
  119  8:28  SCV  
  119  8:30  Siege Tank  
  119  8:31  Terran Infantry Armor Level 1  
  125  8:37  Missile Turret  
  125  8:40  Supply Depot  
  125  8:41  Supply Depot  
  125  8:44  Barracks Reactor  
  125  8:48  Supply Depot  
  125  8:52  Supply Depot  
  125  9:01  Marine x3  
  125  9:02  SCV x2, Marine x3, Siege Tank, Factory  
  133  9:03  SCV  
  137  9:11  Siege Tank  
  137  9:14  SCV x2  
  137  9:15  SCV  
  137  9:17  Supply Depot x2  
  143  9:19  Marine x3  
  143  9:20  Marine x2  
  148  9:25  Armory  
  148  9:28  Marine x2  
  150  9:32  Supply Depot  
  150  9:33  Supply Depot  
  150  9:34  Siege Tank  
  150  9:38  Marine x3  
  155  9:43  Siege Tank  
  140  10:03  SCV  
  140  10:04  SCV, Factory Tech Lab, Marine  
  140  10:05  Medivac, Marine x3  
  140  10:06  Siege Tank  
  142  10:10  Command Center, Marine  
  142  10:11  Marine x2  
  135  10:15  Siege Tank  
  135  10:19  Marine  
  139  10:25  Terran Infantry Weapons Level 2  
  139  10:26  Medivac  
  139  10:27  Sensor Tower  
  141  10:31  Terran Vehicle Weapons Level 1  
  141  10:37  Missile Turret  
  141  10:38  Siege Tank  
  141  10:40  Marine x4, Siege Tank  
  151  10:43  Medivac  
  153  10:51  Marine  
  153  10:54  Siege Tank  
  157  10:57  Marine  
  157  10:58  Marine x2  
  157  11:02  Sensor Tower  
  159  11:10  Siege Tank  
  160  11:14  Marine x4, Siege Tank  
  165  11:19  Marine x2  
  167  11:25  Missile Turret  
  167  11:26  Siege Tank  
  170  11:35  Marine x5  
  175  11:42  Siege Tank  
  175  11:46  Siege Tank  
  181  11:53  Medivac x2  
  185  11:58  Siege Tank  
  188  12:14  Siege Tank  
  187  12:18  Siege Tank  
  184  12:24  Planetary Fortress  
  184  12:26  Marine x4  
  184  12:27  Marine x2  
  184  12:28  SCV x3  
  188  12:30  Siege Tank  
  188  12:36  Medivac  
  187  12:40  Terran Infantry Armor Level 2  
  187  12:41  Marine x2  
  181  12:46  Siege Tank  
  181  12:50  Siege Tank  
  154  12:52  Marine  
  154  12:57  Marine  
  119  12:59  Marauder, Marine x2  
  119  13:00  Marine  
  119  13:02  Siege Tank  
  119  13:06  Marine  
  119  13:07  Marine  
  119  13:09  Medivac  
  119  13:10  Marine  
  121  13:13  Command Center  
  121  13:15  Marine  
  121  13:16  Marine  
  121  13:17  Marine  
  121  13:18  Siege Tank, Marine  
  128  13:20  Marine  
  128  13:23  SCV x2  
  128  13:24  Siege Tank, Marine  
  128  13:25  Missile Turret, Marine  
  136  13:28  Marine  
  136  13:33  Marine  
  138  13:34  Marine x2  
  138  13:35  Marine, Siege Tank  
  138  13:38  Marine  
  145  13:46  Marine x3  
  148  13:50  Medivac  
  150  13:56  Medivac  
  152  14:03  Marine, Siege Tank  
  152  14:04  Marine x2  
  152  14:06  Marine x2  
  160  14:10  Marine, Siege Tank  
  164  14:21  Siege Tank  
  164  14:22  Marine x2  
  168  14:31  Marine x4  
  169  14:35  Siege Tank  
  177  14:51  Marine x3  
Show
View Real Time Build Order
Export as new Build Order

Raze Protoss - Winner!

Build Orders: 1 Gate Expand, Colossus Rush 

Get SALT Encoding   

  12  0:00  Probe  
  13  0:13  Probe  
  14  0:17  Pylon  
  14  0:23  Probe  
  15  0:31  Probe  
  16  0:36  Gateway  
  16  0:39  Probe  
  16  0:45  Assimilator  
  17  0:51  Probe  
  18  1:03  Probe  
  19  1:15  Probe  
  20  1:23  Cybernetics Core  
  20  1:32  Nexus  
  20  1:39  Pylon  
  20  1:42  Probe  
  21  1:50  Warp Gate  
  21  1:51  Adept  
  21  1:52  Assimilator  
  21  1:55  Probe  
  24  2:08  Stalker  
  24  2:11  Probe  
  27  2:23  Probe  
  28  2:37  Robotics Facility  
  28  2:40  Stalker  
  28  2:43  Probe  
  31  2:45  Probe  
  32  3:00  Gateway  
  32  3:04  Gateway  
  32  3:10  Stalker  
  34  3:15  Warp Prism  
  34  3:17  Probe x2  
  38  3:31  Probe x2  
  40  3:35  Pylon  
  38  3:51  Probe x2  
  40  3:57  Stalker x2  
  40  3:58  Stalker  
  46  4:03  Observer  
  46  4:06  Probe  
  46  4:09  Pylon  
  48  4:20  Stalker x2  
  48  4:21  Stalker  
  54  4:28  Probe x2  
  56  4:43  Probe x2  
  54  4:57  Adept x2  
  54  4:58  Probe  
  54  4:59  Adept, Probe  
  62  5:07  Robotics Bay  
  62  5:11  Pylon  
  62  5:12  Assimilator  
  62  5:16  Assimilator  
  62  5:27  Probe x2  
  62  5:29  Observer  
  57  5:39  Probe x2  
  59  5:45  Colossus  
  59  5:47  Twilight Council  
  59  5:48  Forge, Observer  
  59  5:51  Probe  
  66  5:59  Probe  
  66  6:00  Nexus  
  66  6:01  Pylon  
  66  6:02  Sentry  
  66  6:03  Probe  
  70  6:05  Charge  
  70  6:07  Pylon  
  70  6:12  Protoss Ground Armor Level 1  
  70  6:21  Probe x2  
  70  6:22  Zealot x2  
  76  6:29  Pylon  
  76  6:33  Probe x2  
  78  6:46  Immortal, Probe  
  78  6:47  Probe, Observer  
  84  6:51  Forge  
  84  6:54  Pylon  
  84  6:57  Observer  
  84  6:59  Gateway  
  84  7:00  Probe x2  
  84  7:01  Gateway  
  86  7:03  Gateway  
  86  7:11  Sentry x2  
  86  7:12  Stalker  
  86  7:13  Probe x3  
  86  7:14  Protoss Ground Weapons Level 1  
  93  7:23  Observer  
  93  7:25  Immortal  
  93  7:26  Probe  
  93  7:27  Probe  
  93  7:29  Blink  
  99  7:35  Zealot  
  101  7:41  Templar Archives, Protoss Ground Armor Level 2  
  101  7:45  Gateway, Probe  
  101  7:48  Pylon, Gateway  
  102  7:55  Probe  
  103  7:58  Zealot x3, Observer  
  103  8:04  Zealot x3  
  115  8:09  Immortal  
  119  8:19  Pylon  
  118  8:27  Probe x2  
  118  8:30  Assimilator, Zealot x2  
  118  8:32  Assimilator  
  118  8:33  Pylon  
  125  8:41  Pylon  
  124  8:42  Zealot  
  124  8:43  High Templar x2, Zealot  
  124  8:48  Archon  
  132  8:51  Warp Prism  
  132  8:53  Zealot x3  
  140  8:57  Pylon  
  140  9:02  High Templar x2  
  140  9:06  Protoss Ground Weapons Level 2  
  140  9:07  Archon  
  140  9:09  Zealot  
  146  9:18  Zealot x4  
  146  9:23  Nexus  
  154  9:31  Zealot  
  154  9:34  Pylon  
  154  9:53  Stalker x4  
  154  9:54  Stalker  
  159  10:01  Protoss Ground Armor Level 3  
  159  10:07  Probe x2  
  161  10:16  High Templar x2  
  161  10:20  Pylon  
  165  10:24  Pylon  
  165  10:25  Pylon  
  165  10:34  Archon  
  165  10:36  High Templar x3  
  165  10:38  High Templar  
  165  10:39  Zealot x2  
  165  10:41  Archon  
  165  10:42  Archon  
  177  10:58  Stalker x2  
  181  11:10  High Templar x2  
  181  11:11  Zealot x4  
  181  11:16  Archon  
  187  11:25  Stargate  
  187  11:33  Probe x2  
  187  11:34  Probe  
  187  11:35  Probe  
  187  11:37  Assimilator  
  191  11:41  Assimilator  
  191  11:44  Protoss Ground Weapons Level 3  
  191  11:45  Probe, Photon Cannon  
  192  11:47  Shield Battery  
  192  11:52  Observer  
  193  12:14  Zealot x2  
  193  12:15  Zealot x6  
  183  12:26  Nexus  
  181  12:39  Pylon  
  161  12:49  Adept, Zealot x6  
  161  12:50  Zealot  
  146  12:54  Immortal  
  128  13:03  Fleet Beacon  
  128  13:05  Stargate  
  122  13:07  Stargate  
  122  13:10  Probe  
  122  13:11  Probe  
  122  13:14  High Templar x5  
  122  13:15  High Templar  
  122  13:16  Zealot x2  
  122  13:18  Archon x3  
  138  13:34  Nexus  
  138  13:35  Pylon  
  138  13:49  Pylon  
  138  13:50  Observer  
  138  13:52  Probe x2  
  138  13:53  Tempest x2  
  138  13:54  Tempest  
  138  14:01  Zealot x3  
  162  14:09  Pylon  
  162  14:11  Shield Battery  
  160  14:20  High Templar x2  
  160  14:21  High Templar  
  160  14:22  High Templar, Zealot x4  
  172  14:25  Archon  
  172  14:26  Archon  
  172  14:47  High Templar x2  
  172  14:48  Zealot x2  
  172  14:52  Archon  
  180  14:53  Zealot x3  
  186  15:04  Zealot  
Tags
 
Add a new tag
Caveats
  • Supply blocks, unpowered buildings, or Contaminate may cause inaccurate times.
  • Supply counts are checked every 10 seconds.